 Dungeon Crawl Stone Soup version 0.24.0-123-gd5b16e6ec5 (webtiles) character file.

Game seed: 18130727546317525411, levelgen mode: deterministic

358 FishyPogo the Chopper (level 6, -1/56 HPs)
             Began as a Deep Dwarf Gladiator on Dec 26, 2019.
             Was a Follower of Makhleb.
             Killed by divine providence
             ... invoked by an orc priest
              (11 damage)
             ... on level 3 of the Dungeon.
             The game lasted 00:06:31 (2184 turns).

FishyPogo the Chopper (Deep Dwarf Gladiator)        Turns: 2184, Time: 00:06:32

Health: -1/56      AC:  7    Str: 20    XL:     6   Next: 37%
Magic:  6/6        EV: 18    Int:  8    God:    Makhleb [*.....]
Gold:   131        SH:  0    Dex: 14    Spells: 4/5 levels left

rFire    . . .     SeeInvis .   a - +0 war axe
rCold    . . .     Gourm    .   (no shield)
rNeg     . . .     Faith    .   b - +0 leather armour
rPois    .         Spirit   .   c - +0 helmet
rElec    .         Reflect  .   o - +0 cloak
rCorr    +         Harm     .   r - +0 pair of gloves
MR       .....                  l - -1 pair of boots (curse)
Stlth    +.........             (no amulet)
HPRegen  0.00/turn              j - +4 ring of evasion
MPRegen  0.10/turn              k - ring of resist corrosion

@: non-regenerating
A: damage resistance, heal wounds, sense surroundings 1, no regeneration
a: Heal Wounds, Renounce Religion


You were on level 3 of the Dungeon.
You worshipped Makhleb.
Makhleb was aware of your devotion.
You were not hungry.

You visited 2 branches of the dungeon, and saw 5 of its levels.

You collected 131 gold pieces.

Inventory:

Hand Weapons
 a - a +0 war axe (weapon)
Missiles
 d - 3 throwing nets
 g - 90 stones (quivered)
 i - 4 boomerangs
 t - 27 poisoned darts
Armour
 b - a +0 leather armour (worn)
 c - a +0 helmet (worn)
 l - a cursed -1 pair of boots (worn)
 o - a +0 cloak (worn)
 r - a +0 pair of gloves (worn)
Jewellery
 j - a +4 ring of evasion (left hand)
 k - a ring of resist corrosion (right hand)
Scrolls
 e - a scroll of remove curse {unknown}
 h - a scroll of enchant weapon {unknown}
 m - 3 scrolls of identify {unknown}
 s - a scroll of fear {unknown}
 v - a scroll of random uselessness {unknown}
 w - a scroll of blinking {unknown}
 y - a scroll of immolation {unknown}
 C - a scroll of noise {unknown}
 D - a scroll of enchant armour {unknown}
Potions
 n - a potion of mutation {unknown}
 p - 2 potions of ambrosia {unknown}
 q - a potion of degeneration {unknown}
 u - 2 potions of berserk rage {unknown}
 z - a potion of lignification {unknown}
 A - a potion of resistance {unknown}
 B - a potion of magic {unknown}
Comestibles
 f - 6 rations
 x - 16 chunks of flesh


   Skills:
 * Level 3.6 Fighting
 + Level 4.2 Axes
 + Level 2.7 Throwing
 * Level 3.6 Armour
 + Level 4.2 Dodging


You had 4 spell levels left.
You knew the following spells:

 Your Spells              Type           Power        Failure   Level  Hunger
a - Animate Skeleton      Necr           N/A          45%         1    ##.....

Your spell library contained the following spells:

 Spells                   Type           Power        Failure   Level  Hunger
 Apportation              Tloc           #.....       45%         1    ##.....
 Confusing Touch          Hex            #.....       45%         1    ##.....
 Summon Small Mammal      Summ           #...         45%         1    ##.....


Dungeon Overview and Level Annotations

Branches:
Dungeon (4/15)             Temple (1/1) D:4

Altars:
Ashenzari
Cheibriados
Dithmenos
Elyvilon
Fedhas
Gozag
Hepliaklqana
Kikubaaqudgha
Makhleb
Nemelex Xobeh
Qazlal
Ru
Sif Muna
Trog
Vehumet
Xom
Zin


Innate Abilities, Weirdness & Mutations

You are resistant to damage.
You can heal yourself by infusing magical energy.
You passively map a small area around you.
You do not regenerate.


Message History

You hit the orc priest but do no damage.
The jackal misses you. x2
The orc priest hits you with a +0 hand axe.
The jackal completely misses you. The jackal closely misses you.
You closely miss the jackal.
The jackal is severely wounded.
You slash the jackal!
You kill the jackal!
Makhleb accepts your kill.
You completely miss the orc priest.
The orc priest hits you with a +0 hand axe!
* * * LOW HITPOINT WARNING * * *
The jackal bites you but does no damage.
You hit the orc priest but do no damage.
You slash the jackal!
You kill the jackal!
Makhleb accepts your kill.
The orc priest invokes the aid of Beogh against you.
Beogh smites you!
You die...

* ,* ##.#.#####.### ,
,., #.....##..# #.
#.#.#.##.###### .#
##.#.#....##...##
...*#....###.###..... *
*#.##..#.# #.......## *
,* .......# #.##....# ,
* ..
*##)o...###.###...#
,....#.@)...........>.#
,
............##..###...#
< ......#........##
#...# $...#######..###
#...# , ...,* #..#
#...# .. * #..# ##### .
, #### , ,


You could see an orc priest.

Vanquished Creatures
  Sigmund (D:2)
  An orc priest (D:3)
  A worker ant (D:4)
  Robin (D:2)
  6 adders
  A worm (D:4)
  5 dart slugs
  4 leopard geckos
  2 orcs (D:3)
  3 bats
  5 giant cockroaches
  10 goblins
  9 hobgoblins
  3 jackals (D:3)
  A quokka (D:3)
  3 frilled lizards
  8 kobolds
  A quokka skeleton (D:4)
  9 rats
74 creatures vanquished.

Notes
Turn   | Place    | Note
-------+----------+-------------------------------------------
     0 | D:1      | FishyPogo the Deep Dwarf Gladiator began the quest for the
                  | Orb.
     0 | D:1      | Reached XP level 1. HP: 19/19 MP: 1/1
    99 | D:1      | Reached XP level 2. HP: 26/26 MP: 2/2
   139 | D:1      | Reached skill level 1 in Armour
   501 | D:2      | Noticed Sigmund
   617 | D:2      | Killed Sigmund
   617 | D:2      | Reached XP level 3. HP: 18/34 MP: 3/3
   617 | D:2      | Reached XP level 4. HP: 22/42 MP: 4/4
   617 | D:2      | Reached XP level 5. HP: 26/49 MP: 5/5
   628 | D:3      | Found a white marble altar of Elyvilon.
   721 | D:4      | Found a radiant altar of Vehumet.
   723 | D:4      | Found a snail-covered altar of Cheibriados.
   728 | D:4      | Found a sacrificial altar of Ru.
   919 | D:4      | Found a staircase to the Ecumenical Temple.
   928 | Temple   | Entered the Ecumenical Temple
   989 | Temple   | Became a worshipper of Makhleb the Destroyer
  1044 | D:3      | Learned a level 1 spell: Animate Skeleton
  1666 | D:2      | Reached XP level 6. HP: 33/56 MP: 6/6
  2013 | D:2      | Reached * piety under Makhleb
  2017 | D:2      | Noticed Robin
  2023 | D:2      | Killed Robin
  2149 | D:3      | Found a faded altar of an unknown god.
  2184 | D:3      | Killed from afar by an orc priest

Levels and vault maps discovered:
D:1:      mrwooster_arrival_statue, layout_basic, serial_curves, eino_curves_02,
          eino_curves_01, grunt_decor_cap, hangedman_decor_points, minivault_14
D:2:      layout_loops_cross, first_ration, uniq_robin, uniq_sigmund
D:3:      layout_rooms, elyvilon_altar_4, chequers_ecumenical_altar_twisty
D:4:      layout_cave_pools, grunt_temple_overflow_open,
          minmay_temple_entry_grid, trog_wizard, uniq_crazy_yiuf_cottage
Temple:   dshaligram_water_room_temple

Skill      XL: |  1  2  3  4  5 |
---------------+----------------+-----
Fighting       | 2 3 |  3.6
Armour         | 2 3 |  3.6
Throwing       | 2 |  2.7
Dodging        | 4 |  4.2
Axes           | 4 |  4.2

Action                   |  1- 3 |  4- 6 || total
-------------------------+-------+-------++-------
Melee: War axe           |    76 |   159 ||   235
Throw: Stone             |     4 |     8 ||    12
 Abil: Heal Wounds       |     1 |     1 ||     2
  Use: Potion            |     1 |       ||     1
  Eat: Chunk             |       |     5 ||     5
Armor: Leather armour    |    15 |    24 ||    39
Dodge: Dodged            |    65 |   171 ||   236
